AoeStats
← Iwwan

Baltic

510285334Analyzed
2v2 RM · 10h ago on Sep 30, 2026· 56m 14s· 4 players
Game mode
Random Map
Map size
Medium (4 player)
Population
200
Speed
Normal
Resources
Standard
Victory
Conquest
Starting age
Dark Age
Ending age
Imperial Age
RankedLock teamsTeams togetherTeam positionsShared explorationLock speedFull tech treeHidden civsTurbo modeCheats
Victory
Defeat
🇮🇪 Burgundians · Ireland
702
+15
🇳🇱 Persians · Netherlands
691
+16
🇦🇺 Turks · Australia
905
-83
🇦🇺 Chinese · Australia
466
-7
gaz1657
11:37 Feudal Age
13:04 Wheelbarrow
14:15 Double-Bit Axe
14:13 Horse Collar
16:55 Gold Mining
21:36 Castle Age
23:43 Fletching
23:54 Padded Archer Armor
24:05 Forging
23:56 Scale Mail Armor
24:31 Medium Warships
23:43 Demolition Ship
24:51 Medium Warships
24:02 Demolition Ship
30:15 Bodkin Arrow
30:35 Leather Archer Armor
30:56 Iron Casting
30:00 Crossbowman
30:49 Thumb Ring
31:11 Bow Saw
34:40 Hand Cart
43:29 Imperial Age
42:50 Pikeman
43:30 Squires
43:16 Arson
45:29 Ballistics
46:10 Chemistry
46:20 Siphons
46:39 Careening
46:42 Clinker Construction
47:36 Halberdier
50:51 Bracer
51:22 Ring Archer Armor
51:53 Blast Furnace
51:10 Chain Mail Armor
51:01 Scale Barding Armor
54:23 Elite Chu Ko Nu
Iwwan
11:53 Feudal Age
12:22 Double-Bit Axe
15:59 Wheelbarrow
16:36 Horse Collar
22:50 Castle Age
22:26 Gold Mining
22:29 Stone Mining
23:45 Bow Saw
24:14 Gold Shaft Mining
24:52 Heavy Plow
25:15 Hand Cart
39:22 Imperial Age
38:43 Squires
41:19 Two-Man Saw
41:04 Scale Barding Armor
40:59 Scale Mail Armor
41:10 Forging
40:50 Fletching
41:00 Padded Archer Armor
41:28 Elite Janissary
45:49 Ballistics
Hello kitty
0:29 Loom
14:24 Feudal Age
15:27 Double-Bit Axe
16:38 Fishing Lines
24:58 Castle Age
24:19 Forging
24:10 Scale Mail Armor
24:15 Scale Barding Armor
24:10 Padded Archer Armor
24:04 Fletching
25:46 Caravan
25:46 Gillnets
26:19 Medium Warships
27:01 Stone Mining
27:02 Gold Mining
28:55 Chain Barding Armor
28:51 Chain Mail Armor
29:11 Iron Casting
28:31 Bodkin Arrow
29:52 Bow Saw
31:05 Gold Mining
31:10 Town Watch
32:01 Wheelbarrow
33:09 Stone Shaft Mining
33:09 Gold Shaft Mining
33:53 Leather Archer Armor
33:43 Husbandry
33:53 Bloodlines
33:49 Horse Collar
36:37 Gold Shaft Mining
37:53 Town Patrol
39:12 Clinker Construction
39:14 Careening
40:04 Heavy Plow
42:59 Imperial Age
42:08 Fervor
46:11 Two-Man Saw
46:57 Crop Rotation
48:05 Elite War Elephant
51:36 Citadels
55:44 Heavy Scorpion
Lance
3:06 Loom
7:14 Wheelbarrow
10:14 Double-Bit Axe
13:33 Feudal Age
14:35 Bow Saw
14:53 Fishing Lines
17:08 Hand Cart
17:12 Town Watch
17:20 Gold Mining
20:44 Gold Shaft Mining
21:22 Gillnets
25:52 Horse Collar
26:09 Stone Mining
29:25 Castle Age
29:24 Caravan
30:15 Town Patrol
31:18 Two-Man Saw
30:20 Heavy Plow
30:44 Medium Warships
30:53 Medium Warships
34:10 Stone Shaft Mining
36:32 Husbandry
36:39 Husbandry
37:41 Treadmill Crane
38:16 Careening
38:47 Burgundian Vineyards
41:40 Imperial Age
40:50 Clinker Construction
41:07 Ballistics
41:55 Masonry
42:50 Conscription
43:06 Hoardings
43:34 Chemistry
43:06 Carvel Hull
43:43 Heavy Warships
44:16 Elite Coustillier
45:09 Padded Archer Armor
46:47 Demolition Ship
47:07 Elite Cannon Galleon
47:43 Onager
50:07 Siphons
49:49 Arrowslits
49:58 Guard Tower
50:39 Architecture
50:21 Fortified Wall
51:36 Leather Archer Armor
51:11 Fletching
51:32 Forging
51:22 Scale Mail Armor
51:27 Scale Barding Armor
54:17 Murder Holes
54:59 Keep
Connection lost

Rejoining the realm…

Still unreachable

The connection could not be restored.

Session expired

The server has moved on; the page needs a fresh start.